 Dungeon Crawl Stone Soup version 0.20.0 (webtiles) character file.

38467 drpain the Protected (level 13, -6/122 HPs)
             Began as a Minotaur Berserker on June 2, 2017.
             Was a High Priest of Trog.
             Mangled by an entropy weaver (17 damage)
             ... on level 4 of the Lair of Beasts.
             The game lasted 01:02:19 (13929 turns).

drpain the Protected (Minotaur Berserker)          Turns: 13929, Time: 01:02:19

Health: -6/122     AC: -3    Str: 24    XL:     13   Next: 64%
Magic:  12/12      EV: 15    Int:  4    God:    Trog [*****.]
Gold:   828        SH:  0    Dex: 19    Spells: 12/12 levels left

rFire    . . .     SeeInvis .   J - +1 lajatang "Ox" {flame, *Contam rC+ Dex+3 Stlth+}
rCold    + . .     Gourm    .   (shield currently unavailable)
rNeg     . . .     Faith    .   h - +1 plate armour
rPois    .         Spirit   .   (helmet restricted)
rElec    .         Reflect  .   g - +0 cloak
rCorr    .         Harm     .   i - +2 pair of gloves
MR       ++...                  K - +2 pair of boots {run}
Stlth    ..........             (no amulet)
Regen    1.3/turn               a - +3 ring of protection (curse)
MPRegen  0.2/turn               O - +3 ring of dexterity

@: lethally poisoned (-6 -> -7), corroded, berserk cooldown, very slightly
contaminated, regenerating, slowed, very slow
A: retaliatory headbutt, horns 2
a: Berserk, Trog's Hand, Brothers in Arms, Burn Spellbooks, Renounce Religion


You were on level 4 of the Lair of Beasts.
You worshipped Trog.
Trog was extremely pleased with you.
You were near starving.

You visited 2 branches of the dungeon, and saw 15 of its levels.
You visited the Abyss 2 times.
You also visited: Sewer.

You collected 828 gold pieces.

Inventory:

Hand Weapons
 f - a +0 longbow
 J - the +1 lajatang "Ox" (weapon) {flame, *Contam rC+ Dex+3 Stlth+}
   (You found it on level 1 of the Abyss)

   It has been specially enchanted to burn those struck by it, causing extra
   injury to most foes and up to half again as much damage against particularly
   susceptible opponents.
   Big, fiery blades are also staple armaments of hydra-hunters.
   It affects your dexterity (+3).
   It protects you from cold.
   It causes magical contamination when unequipped.
   It makes you more stealthy.
 W - a +0 antimagic lajatang
Missiles
 y - 327 arrows
Armour
 g - a +0 cloak (worn)
 h - a +1 plate armour (worn)
 i - a +2 pair of gloves (worn)
 K - a +2 pair of boots of running (worn)
Jewellery
 a - a cursed +3 ring of protection (left hand)
 j - a +5 ring of intelligence
 o - an uncursed ring of resist corrosion
 O - a +3 ring of dexterity (right hand)
Wands
 w - a wand of lightning (3/15)
 B - a wand of confusion (17/48)
 C - a wand of digging (21/24)
 D - a wand of confusion (29/48)
 H - a wand of random effects (5/48)
 P - a wand of random effects (26/48)
Scrolls
 k - 2 scrolls of enchant weapon
 l - 9 scrolls of remove curse
 u - a scroll of fear
 v - 4 scrolls of teleportation
 x - a scroll of blinking
 A - 2 scrolls of silence
 E - 2 scrolls of enchant armour
 N - 2 scrolls of recharging
Potions
 d - 5 potions of lignification
 e - a potion of heal wounds
 m - 2 potions of cancellation {unknown}
 n - 2 potions of invisibility {unknown}
 p - 3 potions of resistance
 r - 4 potions of mutation
 s - 3 potions of flight
 t - 8 potions of curing
 z - 2 potions of brilliance
 F - 3 potions of berserk rage {unknown}
 G - a potion of degeneration {unknown}
 I - a potion of might
 L - 2 potions of ambrosia {unknown}
 M - a potion of agility {unknown}
 Q - 2 potions of magic {unknown}
Comestibles
 b - 9 meat rations
 c - 12 bread rations
 q - 16 fruits
 R - 6 chunks of flesh


   Skills:
 + Level 13.1 Fighting
   Level 12.9(14.7) Maces & Flails
 - Level 12.2(14.3) Staves
 + Level 13.4 Armour
 * Level 11.3 Dodging


You had 12 spell levels left.
You didn't know any spells.

Dungeon Overview and Level Annotations

Branches:
Dungeon (11/15)            Temple (0/1) D:7            Lair (4/6) D:9
  Snake (0/4) Lair:3          Orc (0/2) D:10
  Swamp: Lair:2-4    Shoals: Lair:2-4

Altars:
Dithmenos
Fedhas
Gozag
Kikubaaqudgha
Makhleb
Okawaru
Qazlal
Zin


Innate Abilities, Weirdness & Mutations

You reflexively headbutt those who attack you in melee.
You have a pair of horns on your head.


Message History

You feel sick.
The entropy weaver gestures wildly while chanting.
The entropic weave corrodes you! The soldier ant stings you!
* * * LOW HITPOINT WARNING * * *
You feel sick.
You feel the effects of Trog's Hand fading.
You feel sick.
A soldier ant comes into view.
You feel sick.
The soldier ant twitches its antennae in your direction.
The soldier ant stings you!
* * * LOW HITPOINT WARNING * * *
You feel sick.
The soldier ant waves its antennae.
You feel sick. The soldier ant stings you.
* * * LOW HITPOINT WARNING * * *
You feel sick.
The entropy weaver gestures wildly while chanting.
The entropic weave corrodes you! The entropy weaver hits you!
You die...

##.. ..# ... ..#
..# #.# ...#
##.P###P..
#..##... .l#..
#..P#.## #..#.# .
#@a...# #....# #.
#.aa.P# #....# #.
###...## #....#
#.
#.%.#.###....###.
#...a.aa†....##.P
##.#.###†........
#....#......[...
#?#..#'''#..###.
#...##...##.##.#


You could see an entropy weaver and 5 soldier ants.

Vanquished Creatures
  An entropy weaver (Lair:4)
  2 hydras
  Fannar (Lair:2)
  3 two-headed ogres
  A centaur warrior (D:9)
  A tengu warrior (D:11)
  Sonja (Lair:1)
  4 large abominations (Abyss:2)
  A wretched star (Abyss:2)
  A necromancer (Abyss:2)
  Pikel (D:5)
  2 ugly things (D:11)
  An oklob plant (D:6)
  A salamander (shapeshifter) (Abyss:2)
  2 cyclopes (D:11)
  2 worldbinders (Abyss:2)
  Joseph (D:8)
  A torpor snail (shapeshifter) (D:11)
  2 black mambas (Lair:3)
  A smoke demon (Abyss:2)
  2 gargoyles (D:10)
  4 komodo dragons
  4 spiny frogs
  A dire elephant skeleton (Abyss:2)
  A tengu conjurer (D:10)
  A tormentor (Abyss:2)
  An ancient zyme (Abyss:2)
  A troll (D:9)
  A wolf spider simulacrum (Abyss:2)
  A dream sheep (Lair:4)
  8 hippogriffs
  4 blink frogs (Lair:1)
  26 yaks
  Grum (D:8)
  2 basilisks
  3 hungry ghosts
  A neqoxec (Abyss:2)
  A chaos spawn (Abyss:2)
  11 soldier ants (Lair:4)
  A naga (Lair:3)
  5 water moccasins
  5 porcupines
  A black bear (D:9)
  7 ice beasts
  Purgy (Sewer)
  5 orc warriors
  A sky beast (D:6)
  An ice dragon simulacrum (Abyss:2)
  2 phantoms
  3 necrophages
  6 ogres
  A boggart (D:11)
  16 wolves
  9 crocodiles
  8 centaurs
  3 big kobolds
  8 bullfrogs
  Blork the orc (D:6)
  A wyvern zombie (D:8)
  A wyvern skeleton (D:10)
  A scorpion (D:7)
  11 wights
  2 howler monkeys
  6 crimson imps
  2 bullfrog zombies
  2 small abominations (Abyss:2)
  A centaur zombie (D:7)
  Crazy Yiuf (D:6)
  15 orc wizards
  7 hounds
  9 jellies
  6 orc priests
  6 bullfrog skeletons
  3 centaur skeletons
  3 iguanas
  An iron imp (Abyss:2)
  13 worker ants
  A killer bee zombie (D:8)
  3 hound zombies
  A hound skeleton (D:11)
  A mummy (D:9)
  A worker ant zombie (D:9)
  10 adders
  3 shadow imps
  14 oozes
  2 adder skeletons (D:7)
  2 adder zombies
  4 worms
  2 dart slugs (D:1)
  3 leopard geckos
  41 orcs
  2 ball pythons
  2 giant cockroaches
  7 goblins
  4 hobgoblins
  4 jackals
  26 kobolds
  3 quokkas
  14 bats
  5 frilled lizards
  A jackal zombie (D:6)
  2 leopard gecko zombies
  A quokka skeleton (D:8)
  5 rats
443 creatures vanquished.

Vanquished Creatures (collateral kills)
  Urug (D:11)
  3 yaks
4 creatures vanquished.

Vanquished Creatures (others)
  4 fungi (D:6)
  5 plants
9 creatures vanquished.

Grand Total: 456 creatures vanquished

Notes
Turn   | Place    | Note
-------+----------+-------------------------------------------
     0 | D:1      | drpain the Minotaur Berserker began the quest for the Orb.
     0 | D:1      | Reached XP level 1. HP: 19/19 MP: 0/0
    13 | D:1      | Reached XP level 2. HP: 14/26 MP: 1/1
   372 | D:1      | Reached skill level 5 in Maces & Flails
   541 | D:1      | Reached ** piety under Trog
   541 | D:1      | Reached XP level 3. HP: 31/31 MP: 2/2
  1231 | D:2      | Found a blossoming altar of Fedhas.
  1590 | D:3      | Reached XP level 4. HP: 35/39 MP: 3/3
  1736 | D:3      | Reached XP level 5. HP: 45/45 MP: 4/4
  1911 | D:3      | Found an opulent altar of Gozag.
  2199 | D:4      | Reached XP level 6. HP: 51/51 MP: 5/5
  2415 | D:4      | Found an iron altar of Okawaru.
  2417 | D:4      | Found a stormy altar of Qazlal.
  2507 | D:4      | Reached *** piety under Trog
  2514 | D:4      | Found a glowing drain.
  2523 | Sewer    | Entered a sewer
  2551 | Sewer    | Noticed Purgy
  2560 | Sewer    | Killed Purgy
  2560 | Sewer    | Reached XP level 7. HP: 53/57 MP: 6/6
  2740 | D:4      | Reached skill level 10 in Maces & Flails
  3119 | D:5      | Entered Level 5 of the Dungeon
  3145 | D:5      | Reached XP level 8. HP: 55/67 MP: 7/7
  3248 | D:5      | Noticed Pikel
  3253 | D:5      | Reached skill level 5 in Fighting
  3253 | D:5      | Reached skill level 5 in Armour
  3257 | D:5      | Killed Pikel
  3257 | D:5      | Reached skill level 5 in Dodging
  3563 | D:5      | Found a shadowy altar of Dithmenos.
  3583 | D:5      | Found a burning altar of Makhleb.
  3585 | D:5      | Found a glowing silver altar of Zin.
  3585 | D:5      | Noticed a blizzard demon
  3585 | D:5      | Noticed an angel
  3629 | D:5      | Found an ancient bone altar of Kikubaaqudgha.
  3820 | D:6      | Reached XP level 9. HP: 77/78 MP: 8/8
  3832 | D:6      | Reached **** piety under Trog
  3876 | D:6      | Noticed Blork the orc
  3885 | D:6      | Killed Blork the orc
  4230 | D:6      | Found a runed door.
  4285 | D:6      | Noticed an oklob plant
  4640 | D:6      | Killed an oklob plant
  4723 | D:6      | Noticed Crazy Yiuf
  4726 | D:6      | Killed Crazy Yiuf
  4819 | D:7      | Got a spiked ring mail
  4824 | D:7      | Reached skill level 1 in Staves
  4832 | D:7      | Identified the cursed +0 ring mail of Orthodoxy {Str+4} (You found it on level 7 of the Dungeon)
  5137 | D:7      | Found a staircase to the Ecumenical Temple.
  5308 | D:8      | Reached skill level 5 in Staves
  5308 | D:8      | Reached XP level 10. HP: 82/84 MP: 9/9
  5309 | D:8      | Noticed Joseph
  5322 | D:8      | Killed Joseph
  5801 | D:8      | Got a twisted leather armour
  5802 | D:8      | Identified the +2 leather armour of the Stars {rN+ Dex+3 Stlth+} (You found it on level 8 of the Dungeon)
  5963 | D:8      | Noticed Grum
  5977 | D:8      | Killed Grum
  5979 | D:8      | Reached ***** piety under Trog
  6428 | D:9      | Found a staircase to the Lair.
  6489 | D:9      | Noticed a two-headed ogre
  6498 | D:9      | Killed a two-headed ogre
  6498 | D:9      | Received a gift from Trog
  7291 | D:9      | Noticed a centaur warrior
  7303 | D:9      | Killed a centaur warrior
  7303 | D:9      | Reached XP level 11. HP: 62/94 MP: 10/10
  8169 | D:10     | Entered Level 10 of the Dungeon
  8227 | D:10     | Identified a scroll of acquirement
  8234 | D:10     | Identified a +2 pair of boots of running (You acquired it on level 10 of the Dungeon)
  8442 | D:10     | Found a staircase to the Orcish Mines.
  8533 | D:10     | Noticed a two-headed ogre
  8541 | D:10     | Killed a two-headed ogre
  8934 | D:10     | Received a gift from Trog
  9495 | D:11     | Noticed Urug
  9508 | D:11     | Killed Urug
  9672 | D:11     | Reached skill level 10 in Staves
  9732 | D:11     | Noticed a two-headed ogre
  9739 | D:11     | Killed a two-headed ogre
 10186 | D:11     | Noticed a purple ugly thing
 10193 | D:11     | Killed a purple ugly thing
 10241 | D:11     | Noticed a red ugly thing
 10254 | D:11     | Killed a red ugly thing
 10530 | D:11     | Reached XP level 12. HP: 99/104 MP: 3/11
 10690 | D:11     | Noticed a tengu warrior
 10699 | D:11     | Reached skill level 10 in Armour
 10735 | D:11     | Killed a tengu warrior
 11035 | Lair:1   | Entered Level 1 of the Lair of Beasts
 11070 | Lair:1   | Noticed a four-headed hydra
 11081 | Lair:1   | Killed a nine-headed hydra
 11213 | Lair:1   | Noticed Sonja
 11215 | Lair:1   | Reached skill level 10 in Fighting
 11218 | Lair:1   | Cast into level 1 of the Abyss (Sonja)
 11260 | Abyss:1  | Got a faintly glowing lajatang
 11261 | Abyss:1  | Identified the cursed +1 lajatang "Ox" {flame, *Contam rC+ Dex+3 Stlth+} (You found it on level 1 of the Abyss)
 11299 | Lair:1   | Escaped the Abyss
 11321 | Lair:1   | Cast into level 2 of the Abyss (Sonja)
 11374 | Abyss:2  | Noticed a bone dragon
 11604 | Abyss:2  | Reached skill level 10 in Dodging
 11742 | Abyss:2  | Found a corrupted altar of Lugonu.
 11995 | Lair:1   | Escaped the Abyss
 12004 | Lair:1   | Killed Sonja
 12172 | Lair:1   | Reached XP level 13. HP: 98/116 MP: 12/12
 12552 | Lair:2   | Noticed Fannar
 12562 | Lair:2   | Killed Fannar
 13078 | Lair:3   | Found a staircase to the Snake Pit.
 13652 | Lair:4   | Received a gift from Trog
 13869 | Lair:4   | Noticed an entropy weaver
 13886 | Lair:4   | Killed an entropy weaver
 13902 | Lair:4   | Noticed an entropy weaver
 13929 | Lair:4   | Mangled by an entropy weaver

Skill      XL: |  1  2  3  4  5  6  7  8  9 10 11 12 13 |
---------------+----------------------------------------+-----
Maces & Flails | 4 5 6 7 8 9 10 12 | 12.9
Armour         | 4 6 8 9 11 13 | 13.4
Fighting       | 4 6 8 9 11 13 | 13.1
Dodging        | 3 5 7 8 10 11 | 11.3
Staves         | 5 9 12 | 12.2

Action                   |  1- 3 |  4- 6 |  7- 9 | 10-12 | 13-15 || total
-------------------------+-------+-------+-------+-------+-------++-------
Melee: Mace              |    86 |    14 |       |       |       ||   100
       Headbutt          |    11 |    14 |    67 |   145 |    95 ||   332
       Flail             |       |    72 |   215 |       |       ||   287
       Quarterstaff      |       |       |    40 |   278 |       ||   318
       Lajatang          |       |       |       |   345 |   261 ||   606
Invok: Berserk           |     1 |     1 |     5 |     8 |     1 ||    16
       Trog's Hand       |       |       |     5 |    11 |     2 ||    18
       Burn Spellbooks   |       |       |     1 |       |     2 ||     3
       Brothers in Arms  |       |       |       |     3 |       ||     3
  Use: Scroll            |     6 |     1 |     7 |    13 |       ||    27
       Potion            |       |       |       |     6 |     1 ||     7
  Eat: Chunk             |     1 |     6 |    10 |    10 |     1 ||    28
       Royal jelly       |       |       |     1 |     4 |       ||     5
       Meat ration       |       |       |     1 |     1 |       ||     2
       Bread ration      |       |       |       |     3 |     1 ||     4
       Fruit             |       |       |       |     1 |       ||     1
Armor: Animal skin       |     6 |       |       |       |       ||     6
       Ring mail         |    18 |       |       |       |       ||    18
       Plate armour      |    24 |    53 |   132 |   315 |   129 ||   653
Dodge: Dodged            |    42 |    39 |    87 |   256 |   172 ||   596
